 Dungeon Crawl Stone Soup version 0.30-a0-1114-gd936c97349 (webtiles) character file.

Game seed: 1123198699561525811

7231 Kenran the Basher (level 10, 0/81 HPs)
             Began as a Demonspawn Monk on Apr 21, 2023.
             Was an Elder of Nemelex Xobeh.
             Slain by a shadow (9 damage)
             ... on level 10 of the Dungeon.
             The game lasted 00:23:28 (12884 turns).

Kenran the Basher (Demonspawn Monk)                Turns: 12884, Time: 00:23:29

Health: 0/81       AC:  9    Str: 16    XL:     10   Next: 88%
Magic:  17/17      EV: 11    Int: 12    God:    Nemelex Xobeh [****..]
Gold:   216        SH:  0    Dex: 15    Spells: 9/9 levels left

rFire   + + .      SeeInvis .    a - +1 whip (venom)
rCold   + . .      Faith    .    d - orb {light}
rNeg    . . .      Spirit   .    N - +1 ring mail {rF+}
rPois   .          Reflect  .    (helmet restricted)
rElec   .          Rampage  .    s - +0 cloak
rCorr   .                        (no gloves)
Will    .....                    (no boots)
Stlth   +                        (no amulet)
HPRegen 0.33/turn                f - ring of protection from cold
MPRegen 0.15/turn                A - ring of Orunilea {Fly rF+}

@: flying, glowing
A: antennae 2, rugged brown scales 1, demonic guardian 1, spiny 2
a: Renounce Religion, Draw Escape, Draw Destruction, Draw Summoning, Triple
Draw, Deal Four


You were on level 10 of the Dungeon.
You worshipped Nemelex Xobeh.
Nemelex Xobeh was greatly pleased with you.
You visited 2 branches of the dungeon, and saw 11 of its levels.

You collected 405 gold pieces.
You spent 189 gold pieces at shops.

Inventory:

Hand Weapons
 a - a +1 whip of venom (weapon)
Missiles
 e - a curare-tipped dart
 i - 13 poisoned darts (quivered)
 m - 2 throwing nets
 r - 2 javelins
Armour
 d - an orb of light (worn)
 s - a +0 cloak (worn)
 N - a +1 ring mail of fire resistance (worn)
Jewellery
 f - a ring of protection from cold (left hand)
 A - the ring of Orunilea (right hand) {Fly rF+}
   (You found it on level 6 of the Dungeon)

   [ring of flight]

   rF:        It protects you from fire.
   Fly:       It grants you flight.
 D - an amulet of faith {!P}
Wands
 t - a wand of iceblast (10)
 B - a wand of charming (9)
 H - a wand of digging (2)
 I - a wand of quicksilver (6)
Scrolls
 g - a scroll of immolation {!r}
 h - 4 scrolls of magic mapping
 n - a scroll of vulnerability {!r}
 p - 2 scrolls of poison {!r}
 q - 2 scrolls of enchant weapon
 v - a scroll of amnesia
 x - 2 scrolls of teleportation
 y - 2 scrolls of brand weapon
 K - a scroll of blinking
 M - a scroll of acquirement {unknown}
Potions
 b - 4 potions of curing {@q1}
 c - 2 potions of ambrosia
 j - a potion of brilliance {unknown}
 k - 4 potions of flight
 l - a potion of resistance {unknown}
 o - 2 potions of lignification {unknown}
 u - 2 potions of haste {unknown}
 w - 2 potions of degeneration {unknown}
 z - a potion of might {unknown}
 C - a potion of cancellation {unknown}
 E - 2 potions of berserk rage {!q}
 F - a potion of mutation {unknown}
 G - a potion of attraction {unknown}
 J - a potion of invisibility {unknown}
 L - a potion of magic {unknown}


   Skills:
 + Level 7.3 Fighting
 - Level 12.0 Maces & Flails
 - Level 4.0 Armour
 - Level 2.6 Dodging
 + Level 9.7 Invocations


You had 9 spell levels left.
You didn't know any spells.
Your spell library contained the following spells:

 Spells                   Type           Power      Damage    Failure   Level
 Apportation              Tloc           0%         N/A       52%         1
 Necrotise                Necr           0%         1d4       52%         1
 Summon Small Mammal      Summ           0%         N/A       52%         1
 Cigotuvi's Dreadful Rot  Necr/Pois/Air  0%         N/A       65%         2
 Gell's Gravitas          Tloc           0%         N/A       87%         3
 Inner Flame              Hex/Fire       0%         N/A       87%         3
 Teleport Other           Tloc           0%         N/A       87%         3
 Vampiric Draining        Necr           0%         2d6       87%         3
 Dispel Undead            Necr           0%         3d6       99%         4
 Petrify                  Tmut/Erth      0%         N/A       99%         4
 Agony                    Necr           0%         N/A       100%        5
 Metabolic Englaciation   Hex/Ice        0%         N/A       100%        5
 Yara's Violent Unravell  Hex/Tmut       0%         3d3       100%        5
 Death Channel            Necr           0%         N/A       100%        6
 Dispersal                Tloc           0%         N/A       100%        6
 Statue Form              Tmut/Erth      0%         N/A       100%        6
 Enfeeble                 Hex            0%         N/A       100%        7


Dungeon Overview and Level Annotations

Branches:
Dungeon (10/15)            Temple (1/1) D:4             Orc (0/2) D:10
   Lair: D:8-11

Altars:
Ashenzari
Cheibriados
Dithmenos
Gozag
Hepliaklqana
Kikubaaqudgha
Makhleb
Nemelex Xobeh
Okawaru
Qazlal
Ru
Sif Muna
Trog
Uskayaw
Wu Jian
Xom
Yredelemnul

Shops:
D:7 *   D:9 ?

Annotations:
D:3 exclusion: downstairs
D:4 grinder, exclusions: downstairs and 1 more exclusion
D:7 2 runed translucent doors
D:8 1 runed translucent door, 1 transporter, Ic0nGaming's ghost, novice KoFi


Innate Abilities, Weirdness & Mutations

You have a pair of antennae on your head.
You are partially covered in rugged brown scales. (AC +1, +3% HP)
A weak demonic guardian rushes to your aid.
You are mostly covered in sharp spines.


Message History

The shadow hits you.
You hit the phantom.
You destroy the phantom!
The troll zombie is struck by your spines.
The troll zombie bites you!
The troll zombie claws you but does no damage. x2
The orc zombie is struck by your spines.
The orc zombie hits you but does no damage.
The orc priest barely misses your iron imp.
Your iron imp hits the orc priest.
The shadow attacks as you move away! The shadow is struck by your spines.
The shadow hits you!
The ogre zombie hits you but does no damage.
Something hits your iron imp. The orc zombie hits you.
The troll zombie bites you!
* * * LOW HITPOINT WARNING * * *
The troll zombie claws you!
* * * LOW HITPOINT WARNING * * *
The troll zombie claws you.
* * * LOW HITPOINT WARNING * * *
The shadow attacks as you move away! The shadow barely misses you.
You hit the orc priest.
The orc priest is poisoned.
The orc priest is heavily wounded.
The shadow hits you.
You hit the orc priest but do no damage.
The orc priest looks as sick as possible!
The orc priest is heavily wounded.
The orc priest is struck by your spines.
The orc priest hits you but does no damage.
You hit the orc priest.
The orc priest looks as sick as possible!
The orc priest is almost dead.
You kill the orc priest!
The shadow is struck by your spines. The shadow hits you.
You draw a card...
You have drawn Degeneration.
The shadow is dazed by the mutagenic energy.
The orc zombie is dazed by the mutagenic energy. x2
The shadow hits you!
You die...
Your body glows with a rainbow of weird colours and disappears.

.#.....Z## .#.#.#W{{# {
###. #.#.{{{
#..###..{#{#{
#......##.{#
##.###Z{##{##.#
#####5ZZZ#.#{{..Z# #
#....##W#.###..###
#.###.###)@#Z....#$#
#......#..####.#.###
#......##### #### ###
#..........# #.#
....#######..#########.#
.... #............# ##.
#.)..........# #
#....<.......#
#............#


You could see a shadow (dazed) and 2 orc zombies.

Vanquished Creatures
  Pikel (D:7)
  Maggie (D:8)
  A gargoyle (D:8)
  A troll (D:9)
  Grinder (D:4)
  3 dream sheep (D:9)
  Grum (D:7)
  3 yaks (D:9)
  A sky beast (D:7)
  5 orc warriors
  An ice beast (D:6)
  A black bear (D:6)
  2 ogres (D:5)
  5 centaurs
  2 wolves (D:8)
  3 lemures (D:8)
  2 phantoms (D:10)
  Blork the orc (D:4)
  A kobold brigand (D:9)
  5 bullfrogs
  A gnoll sergeant (D:9)
  A scorpion (D:5)
  4 wights (D:8)
  A troll zombie (D:10)
  4 killer bees (D:8)
  5 howler monkeys
  3 hounds
  A jelly (D:6)
  A gnoll bouda (D:9)
  8 orc priests
  Jessica (D:2)
  8 iguanas
  18 orc wizards
  A sleepcap (D:5)
  Ijyb (D:4)
  9 gnolls
  8 adders
  A shadow imp (D:7)
  2 white imps
  2 ufetubi
  A worm (D:2)
  3 dart slugs
  49 orcs
  7 ball pythons
  8 endoplasms
  6 goblins
  9 hobgoblins
  7 jackals
  5 quokkas
  7 bats
  5 frilled lizards
  A goblin skeleton (D:10)
  A goblin zombie (D:10)
  10 kobolds
  An orc skeleton (D:10)
  An orc zombie (D:10)
  6 rats
248 creatures vanquished.

Vanquished Creatures (collateral kills)
  A steam dragon (D:7)
  A black bear (D:6)
  2 orc priests (D:8)
  An iguana (D:5)
  2 orc wizards
  A gnoll (D:3)
  A dart slug (D:2)
  A rat (D:1)
10 creatures vanquished.

Vanquished Creatures (others)
  2 plants (D:8)
2 creatures vanquished.

Grand Total: 260 creatures vanquished

Notes
Turn   | Place    | Note
-------+----------+-------------------------------------------
     0 | D:1      | Kenran the Demonspawn Monk began the quest for the Orb.
     0 | D:1      | Reached XP level 1. HP: 18/18 MP: 1/1
   125 | D:1      | Reached skill level 3 in Maces & Flails
   161 | D:1      | Gained mutation: A weak demonic guardian rushes to your
                  | aid. [demonic ancestry]
   161 | D:1      | Reached XP level 2. HP: 24/24 MP: 2/2
   484 | D:1      | Gained mutation: You are partially covered in sharp spines.
                  | [demonic ancestry]
   484 | D:1      | Reached XP level 3. HP: 29/29 MP: 3/3
   869 | D:2      | Reached skill level 4 in Maces & Flails
  1065 | D:2      | Noticed Jessica
  1070 | D:2      | Killed Jessica
  1071 | D:2      | Gained mutation: You have a pair of small antennae on your
                  | head. [demonic ancestry]
  1071 | D:2      | Reached XP level 4. HP: 29/35 MP: 4/4
  1410 | D:2      | Reached skill level 5 in Maces & Flails
  1969 | D:3      | Reached XP level 5. HP: 41/41 MP: 5/5
  2794 | D:4      | Identified the +1 robe of Omnot Beng {Dex+3 Archmagi}
  2796 | D:4      | Noticed Grinder
  2868 | D:4      | Noticed Ijyb
  2890 | D:4      | Killed Ijyb
  3109 | D:4      | Found a staircase to the Ecumenical Temple.
  3115 | Temple   | Entered the Ecumenical Temple
  3304 | Temple   | Became a worshipper of Nemelex Xobeh the Trickster
  3304 | Temple   | Reached * piety under Nemelex Xobeh
  3304 | Temple   | Received a gift from Nemelex Xobeh
  3304 | Temple   | Reached ** piety under Nemelex Xobeh
  3375 | D:4      | Reached skill level 6 in Maces & Flails
  3675 | D:4      | Noticed Blork the orc
  3687 | D:4      | Killed Blork the orc
  3688 | D:4      | Reached XP level 6. HP: 36/47 MP: 6/6
  3989 | D:4      | Received a gift from Nemelex Xobeh
  4306 | D:5      | Entered Level 5 of the Dungeon
  4318 | D:5      | Reached skill level 7 in Maces & Flails
  4471 | D:5      | Reached XP level 7. HP: 42/52 MP: 7/7
  4728 | D:5      | Reached skill level 8 in Maces & Flails
  4881 | D:5      | Found an opulent altar of Gozag.
  5266 | D:5      | Found an opulent altar of Gozag.
  5488 | D:5      | Found an opulent altar of Gozag.
  5684 | D:5      | Found an opulent altar of Gozag.
  6133 | D:6      | Reached skill level 9 in Maces & Flails
  6133 | D:6      | Gained mutation: You are mostly covered in sharp spines.
                  | [demonic ancestry]
  6133 | D:6      | Reached XP level 8. HP: 30/58 MP: 8/8
  6370 | D:6      | Reached *** piety under Nemelex Xobeh
  6432 | D:6      | Reached skill level 10 in Maces & Flails
  6483 | D:6      | Identified the ring of Orunilea {Fly rF+}
  7102 | D:7      | Reached skill level 5 in Fighting
  7102 | D:7      | Reached skill level 1 in Invocations
  7233 | D:7      | Reached skill level 1 in Armour
  7241 | D:7      | Found a large runed translucent door.
  7242 | D:7      | Found a large runed translucent door.
  7251 | D:7      | Gained mutation: You are partially covered in rugged brown
                  | scales. (AC +1, +3% HP) [demonic ancestry]
  7251 | D:7      | Reached XP level 9. HP: 38/70 MP: 9/11
  7570 | D:7      | Received a gift from Nemelex Xobeh
  8077 | D:7      | Found Seoxto's Assorted Antiques.
  8083 | D:7      | Bought a scroll of identify for 36 gold pieces
  8083 | D:7      | Bought a scroll of identify for 36 gold pieces
  8139 | D:7      | Identified the +1 helmet of Birdsong {rF+}
  8492 | D:8      | Noticed Grum
  8576 | D:7      | HP: 3/70 [Grum/+1 spear (7)]
  8578 | D:7      | Killed Grum
  8731 | D:8      | Reached skill level 5 in Invocations
  8814 | D:8      | Found a runed translucent door.
  8814 | D:8      | Noticed Ic0nGaming's ghost (novice KoFi)
  9345 | D:8      | Found a transporter.
  9454 | D:8      | Reached **** piety under Nemelex Xobeh
  9490 | D:8      | Noticed Pikel
  9580 | D:7      | Killed Pikel
  9581 | D:7      | Gained mutation: You have a pair of antennae on your head.
                  | [demonic ancestry]
  9581 | D:7      | Reached XP level 10. HP: 61/78 MP: 16/16
  9730 | D:8      | Noticed a gargoyle
  9743 | D:8      | Killed a gargoyle
  9744 | D:8      | Reached skill level 11 in Maces & Flails
  9753 | D:8      | Noticed Maggie
  9757 | D:8      | Killed Maggie
  9822 | D:8      | Received a gift from Nemelex Xobeh
  9999 | D:4      | Found a staircase to the Ecumenical Temple.
 10676 | D:4      | Paralysed by Grinder for 4 turns
 10689 | D:4      | Killed Grinder
 11164 | D:9      | Reached skill level 12 in Maces & Flails
 12342 | D:9      | Found Atzudd's Magic Scroll Boutique.
 12345 | D:9      | Bought a scroll of identify for 26 gold pieces
 12345 | D:9      | Bought a scroll of identify for 26 gold pieces
 12345 | D:9      | Bought a scroll of teleportation for 39 gold pieces
 12345 | D:9      | Bought a scroll of identify for 26 gold pieces
 12504 | D:10     | Entered Level 10 of the Dungeon
 12633 | D:10     | Found a shimmering blue altar of Sif Muna.
 12844 | D:10     | Found a staircase to the Orcish Mines.
 12884 | D:10     | Slain by a shadow

Illustrated notes

Levels and vault maps discovered:
D:1:      wander_arrival_chamber, layout_basic, minmay_door_square
D:2:      layout_loops_ring, dk_vineyard_2, minmay_increasing_density,
          uniq_jessica
D:3:      layout_loops_corners
D:4:      layout_basic, temple_green, kennysheep_generic_room_4, uniq_ijyb,
          uniq_blork_the_orc, uniq_grinder
D:5:      layout_rooms, grunt_gozag_statues
D:6:      layout_rooms
D:7:      layout_basic, jmf_multi_god_temple2, minmay_misc_feat_square,
          roderic_roman_lattice, moated_statue, kennysheep_windowed_goal
D:8:      layout_basic, elyvilon_altar_5, hellmonk_ghost_big_iron,
          nicolae_diode_basic, uniq_grum, uniq_maggie, uniq_pikel
D:9:      layout_roguey, serial_shops, nicolae_shop_rolled_up,
          dreamdust_gnoll_shepherd
D:10:     layout_long_grid, tgw_sif, lair_entry_dummy, zombieorc1_lemuel,
          nicolae_water_bricks
Temple:   bh_familiar_temple

Skill      XL: |  1  2  3  4  5  6  7  8  9 10 |
---------------+-------------------------------+-----
Maces & Flails | 3 4 5 6 7 9 10 12 | 12.0
Fighting       | 5 6 7 |  7.3
Invocations    | 3 8 9 |  9.7
Armour         | 2 4 |  4.0
Dodging        | |  2.6

Action                     |  1- 3 |  4- 6 |  7- 9 | 10-12 || total
---------------------------+-------+-------+-------+-------++-------
  Melee: Mace              |    89 |    98 |       |       ||   187
         Whip              |       |    66 |   279 |   208 ||   553
 Invoke: Draw Destruction  |       |       |    10 |     8 ||    18
  Evoke: Wand              |       |       |     5 |     2 ||     7
    Use: Scroll            |     2 |     5 |     6 |     3 ||    16
         Potion            |       |     2 |     2 |       ||     4
   Stab: Distracted        |       |     1 |       |       ||     1
 Armour: Ring mail         |    19 |    34 |    46 |    47 ||   146
         Robe              |     1 |       |       |       ||     1
  Dodge: Dodged            |    54 |    76 |   105 |    60 ||   295

Table legend: (Time is in decaauts)
 A = Elapsed time spent in this place.
 B = Non-inter-level travel time spent in this place.
 C = Inter-level travel time spent in this place.
 D = Time resting spent in this place.
 E = Time spent auto-exploring this place.
 F = Levels seen in this place.
 G = Mean time per level.
                   A        B        C        D        E       F      G
               +--------+--------+--------+--------+--------+-----+--------+
         Total |  12701 |  12168 |    533 |   2880 |   7104 |  11 | 1154.6 |
       Dungeon |  12484 |  12012 |    472 |   2880 |   7016 |  10 | 1248.4 |
        Temple |    216 |    155 |     61 |      0 |     88 |   1 |  216.0 |
               +--------+--------+--------+--------+--------+-----+--------+

Top non-repeatable levels by time:
     D:4: 2287 daAuts
     D:7: 1714 daAuts
     D:5: 1533 daAuts
     D:9: 1317 daAuts
     D:8: 1233 daAuts
     D:6: 1178 daAuts
     D:3: 1041 daAuts
     D:2: 956 daAuts
     D:1: 867 daAuts
    D:10: 353 daAuts
  Temple: 216 daAuts
